 Dungeon Crawl Stone Soup version 0.30.1-3-gfc49f6343a (webtiles) character file.

Game seed: 1914439452846580950

868 Heoruswealwe the Covered (level 7, -11/60 HPs)
             Began as a Demigod Fighter on July 19, 2023.
             Mangled by an ogre
             ... wielding a +0 giant club
              (16 damage)
             ... on level 6 of the Dungeon on July 20, 2023.
             The game lasted 00:40:42 (4611 turns).

Heoruswealwe the Covered (Demigod Fighter)          Turns: 4611, Time: 00:40:43

Health: -11/60     AC: 15    Str: 25    XL:     7   Next: 44%
Magic:  9/9        EV:  6    Int: 10    God:
Gold:   265        SH:  5    Dex: 13    Spells: 6/6 levels left

rFire   . . .        a - +0 war axe
rCold   . . .        d - +0 buckler
rNeg    . . .        c - +0 plate armour
rPois   .            g - +0 helmet
rElec   .            (no cloak)
rCorr   +            f - +0 pair of gloves
SInv    .            e - +0 pair of boots
Will    .....        (no amulet) Stlth
                     k - ring of resist corrosion
HPRegen 0.30/turn    (no ring)
MPRegen 0.11/turn

%: no passive effects
@: no status effects
A: high MP 1, forlorn, divine attributes
a: no special abilities


You were on level 6 of the Dungeon.
You visited 2 branches of the dungeon, and saw 7 of its levels.

You collected 265 gold pieces.

Inventory:

Hand Weapons
 a - a +0 war axe (weapon)
Armour
 c - a +0 plate armour (worn)
 d - a +0 buckler (worn)
 e - a +0 pair of boots (worn)
 f - a +0 pair of gloves (worn)
 g - a +0 helmet (worn)
Jewellery
 k - a ring of resist corrosion (left hand)
Wands
 w - a wand of flame (25)
Scrolls
 i - 3 scrolls of blinking
 m - 2 scrolls of immolation
 o - 5 scrolls of teleportation
 p - 2 scrolls of fear
 q - 2 scrolls of poison
 r - a scroll of vulnerability {unknown}
 t - 2 scrolls of enchant armour
 y - a scroll of noise {unknown}
 z - a scroll of magic mapping {unknown}
Potions
 b - 3 potions of curing
 h - 2 potions of lignification {unknown}
 j - a potion of ambrosia {unknown}
 l - a potion of flight {unknown}
 n - a potion of degeneration {unknown}
 s - a potion of attraction {unknown}
 u - 2 potions of haste {unknown}
 v - a potion of magic {unknown}
 x - a potion of resistance {unknown}


   Skills:
 + Level 4.8 Fighting
 + Level 4.3 Axes
 + Level 4.8 Armour
 + Level 4.8 Shields


You had 6 spell levels left.
You didn't know any spells.
Your spell library contained the following spells:

 Spells                   Type           Power      Damage    Failure   Level
 Static Discharge         Conj/Air       0%         2-2/arc   100%        2
 Dazzling Flash           Conj/Hex       0%         N/A       100%        3
 Portal Projectile        Hex/Tloc       0%         N/A       100%        3
 Tukima's Dance           Hex            0%         N/A       100%        3
 Airstrike                Air            0%         2d(0-16)  100%        4
 Summon Lightning Spire   Summ/Air       0%         N/A       100%        4
 Agony                    Necr           0%         N/A       100%        5
 Blade Hands              Tmut           0%         N/A       100%        5
 Silence                  Hex/Air        0%         N/A       100%        5


Dungeon Overview and Level Annotations

Branches:
Dungeon (6/15)             Temple (1/1) D:5

Shops:
D:6 [


Innate Abilities, Weirdness & Mutations

You have an increased reservoir of magic. (+10% MP)
You shall have no god before yourself.
Your divine heritage dramatically boosts your attributes as you level up.


Message History

You closely miss the black bear.
The black bear is heavily wounded.
The black bear bites you but does no damage.
The black bear claws you but does no damage.
The black bear claws you.
You hit the black bear.
The black bear is heavily wounded.
You slash the ogre!
The black bear bites you but does no damage.
You block the black bear's attack.
The black bear claws you but does no damage.
The ogre hits you with a +0 giant club! The black bear bites you.
The black bear barely misses you. x2
You closely miss the black bear.
The black bear is heavily wounded.
You closely miss the ogre. The ogre hits you with a +0 giant club.
The black bear barely misses you. The black bear claws you.
The black bear barely misses you.
You hit the black bear but do no damage.
The black bear is heavily wounded.
You barely miss the ogre. The black bear bites you.
The black bear claws you but does no damage. x2
The ogre barely misses you.
You barely miss the black bear.
The black bear is heavily wounded.
You barely miss the ogre.
The black bear bites you but does no damage.
The black bear claws you but does no damage.
The black bear barely misses you.
The ogre hits you with a +0 giant club!!
* * * LOW HITPOINT WARNING * * *
The black bear bites you but does no damage.
You block the black bear's attack.
The black bear claws you but does no damage.
It was a potion of curing.
You feel better. You block the black bear's attack.
The black bear claws you but does no damage.
The black bear claws you.
* * * LOW HITPOINT WARNING * * *
The ogre hits you with a +0 giant club!
You die...

#.......#
#.#.#......
#.###.#.#
#.##.##.###
#.###.#.#
#.......#
#.......#
####.####
#..#..#.#
#.#
#..#.##.#
#.#
#.......#
...
##......#
#.#
#.#@####
#.# #..Oh#
#..
+........
####....##
##.#.#
.....
#.##.# #.
#.#


You could see a black bear and an ogre.

Vanquished Creatures
  An ogre (D:5)
  3 scorpions
  2 howler monkeys
  4 hounds
  An orc priest (D:6)
  3 sleepcaps
  An iguana (D:5)
  2 orc wizards
  3 gnolls (D:4)
  8 adders
  A shadow imp (D:5)
  2 ufetubi (D:4)
  A worm (D:3)
  2 dart slugs
  16 orcs
  4 bats
  6 endoplasms
  7 goblins
  11 hobgoblins
  5 jackals
  4 quokkas
  6 ball pythons
  3 frilled lizards
  6 kobolds
  4 rats
106 creatures vanquished.

Notes
Turn   | Place    | Note
-------+----------+-------------------------------------------
     0 | D:1      | Heoruswealwe the Demigod Fighter began the quest for the
                  | Orb.
     0 | D:1      | Reached XP level 1. HP: 18/18 MP: 3/3
   179 | D:1      | Reached XP level 2. HP: 25/25 MP: 4/4
   838 | D:2      | Reached XP level 3. HP: 27/31 MP: 5/5
  1665 | D:3      | Noticed a scorpion
  1693 | D:3      | Reached XP level 4. HP: 8/38 MP: 6/6
  2105 | D:3      | Reached XP level 5. HP: 45/45 MP: 7/7
  2938 | D:4      | Reached XP level 6. HP: 37/52 MP: 8/8
  3202 | D:5      | Entered Level 5 of the Dungeon
  3401 | D:5      | Reached XP level 7. HP: 56/60 MP: 9/9
  3408 | D:5      | Found a staircase to the Ecumenical Temple.
  4349 | Temple   | Entered the Ecumenical Temple
  4544 | D:6      | Found Socygen's Antique Armour Shop.
  4610 | D:6      | HP: 1/60 [ogre/+0 giant club (22)]
  4611 | D:6      | Mangled by an ogre

Illustrated notes

Levels and vault maps discovered:
D:1:      lightli_arrival_chessboard, layout_loops_ring
D:2:      layout_loops_ring, ebering_ecumenical_altar_hall
D:3:      layout_loops_ring, nicolae_concentric_dashed_squares_mild,
          corexii_hall_statues_s
D:4:      layout_rooms, nicolae_half_adder
D:5:      layout_basic, mainiacjoe_overflow_chevrons,
          nicolae_overflow_crystal_walls, grunt_temple_overflow_open,
          minmay_temple_entry_ruins, minmay_fractal_squares_diagonal_5
D:6:      layout_loops_corners, mainiacjoe_overflow_small_starburst,
          lemuel_tele_altar, nicolae_stop_n_shop_2, minmay_manual_mess
Temple:   dshaligram_water_room_temple

Skill      XL: |  1  2  3  4  5  6  7 |
---------------+----------------------+-----
Axes           | 2 3 4 |  4.3
Armour         | 3 4 |  4.8
Fighting       | 3 4 |  4.8
Shields        | 3 4 |  4.8

Action                     |  1- 3 |  4- 6 |  7- 9 || total
---------------------------+-------+-------+-------++-------
  Melee: War axe           |   138 |   141 |   285 ||   564
    Use: Scroll            |     4 |       |     2 ||     6
         Potion            |     1 |       |     1 ||     2
 Armour: Scale mail        |    20 |       |       ||    20
         Plate armour      |    77 |   117 |    41 ||   235
  Dodge: Dodged            |    50 |    43 |    19 ||   112
  Block: Buckler           |    25 |    53 |    15 ||    93
